cohdb
Replays
Latest Replays
All Replays
Popular Replays
Top Player Replays
Match Explorer
How It Works
Community
CoH3 Stats
Reddit
Sign in to upload your games and track your stats! →
Sign in with Steam
Match 45092730
Unlisted
Match 45092730
Overview
Messages
Build Orders
End
Kradschützen Motorcycle Team
Panzergrenadier Squad
Panzergrenadier Squad
250 Light Carrier
Construct Light Support Kompanie
Fire Support Elements
Selects Italian Infantry
Flakvierling Half-track
Selects Guastatori Squad
Guastatori Squad
2.5-tonne Medical Truck
Panzerjäger Mechanized Group
Selects L6/40 Light Tank Combat Group
L6/40 Light Tank Combat Group
Selects Defensive Operations
Selects Prepared Positions
Construct Panzerarmee Kommand
Selects Obice 305mm Barrage
Obice 305mm Barrage
Walking Stuka Rocket Launcher
2.5-tonne Medical Truck
Obice 305mm Barrage
Panzer III L Medium Tank
Vehicle Survival Package
Guastatori Squad
Obice 305mm Barrage
Panzer III L Medium Tank
Obice 305mm Barrage
tiger box
사촌간볼빨기
HJT95
VAMP
lengfeng988
粉色上瘾
把对面当日本人打
许聪聪
0
0
Comments
sign in to comment!
No comments posted yet!